 Dungeon Crawl Stone Soup version 0.20.1-1-g8b1a95d (webtiles) character file.

568 Kingsmith the Thaumaturge (level 7, 0/36 HPs)
             Began as a Deep Elf Conjurer on Dec 7, 2017.
             Was an Initiate of Vehumet.
             Slain by an iguana (12 damage)
             ... on level 4 of the Dungeon.
             The game lasted 00:09:52 (3299 turns).

Kingsmith the Thaumaturge (Deep Elf Conjurer)       Turns: 3299, Time: 00:09:52

Health: 0/36       AC:  1    Str:  6    XL:     7   Next: 11%
Magic:  16/22      EV: 13    Int: 21    God:    Vehumet [......]
Gold:   109        SH:  0    Dex: 15    Spells: 12/26 levels left

rFire    . . .     SeeInvis .   u - +2 spear (venom) (curse)
rCold    . . .     Gourm    .   (no shield)
rNeg     . . .     Faith    .   a - +0 robe
rPois    .         Spirit   .   (no helmet)
rElec    .         Reflect  .   l - scarf {repulsion}
rCorr    .         Harm     .   (no gloves)
MR       .....     Rnd*Tele +   x - -2 pair of boots (curse)
Stlth    ++........             (no amulet)
Regen    0.2/turn               d - ring of teleportation (curse)
MPRegen  0.2/turn               (no ring)

@: repel missiles
A: no striking features
a: Renounce Religion


You were on level 4 of the Dungeon.
You worshipped Vehumet.
Vehumet was noncommittal.
You were very hungry.

You visited 2 branches of the dungeon, and saw 5 of its levels.

You collected 109 gold pieces.

Inventory:

Hand Weapons
 i - a +0 whip
 u - a cursed +2 spear of venom (weapon)
Armour
 a - a +0 robe (worn)
 l - a scarf of repulsion (worn)
 x - a cursed -2 pair of boots (worn)
Jewellery
 d - a cursed ring of teleportation (left hand)
 o - a +4 ring of evasion {unknown}
Scrolls
 h - 4 scrolls of teleportation {unknown}
 j - 2 scrolls of identify
 m - 2 scrolls of amnesia {unknown}
 n - a scroll of fog {unknown}
 p - a scroll of enchant weapon {unknown}
 r - 2 scrolls of immolation {unknown}
 v - a scroll of blinking {unknown}
 y - a scroll of fear {unknown}
Potions
 e - a potion of agility
 g - 3 potions of resistance
 k - a potion of heal wounds {unknown}
 s - 3 potions of haste
 w - a potion of curing
 z - 2 potions of lignification {unknown}
 A - a potion of flight {unknown}
Books
 b - a book of Conjurations

   Spells                             Type                      Level
   a - Magic Dart                     Conjuration                  1
   b - Searing Ray                    Conjuration                  2
   c - Dazzling Spray                 Conjuration/Hexes            3
   d - Fulminant Prism                Conjuration/Hexes            4
   e - Force Lance                    Conjuration/Translocation    4
   f - Iskenderun's Mystic Blast      Conjuration                  4
Comestibles
 c - 2 bread rations
 f - a royal jelly
 q - 2 meat rations
 t - 16 fruits
 B - 2 chunks of flesh


   Skills:
 - Level 2.4 Dodging
 - Level 2.4 Stealth
 - Level 10.1 Spellcasting
 - Level 4.3 Conjurations
 + Level 1.0 Hexes
 + Level 1.0 Translocations


You had 12 spell levels left.
You knew the following spells:

 Your Spells              Type           Power        Failure   Level  Hunger
a - Magic Dart            Conj           ####         1%          1    None
b - Searing Ray           Conj           ####..       1%          2    None
c - Dazzling Spray        Conj/Hex       ###...       6%          3    None
d - Iskenderun's Mystic   Conj           ####....     11%         4    ##.....
e - Force Lance           Conj/Tloc      ###.....     21%         4    ##.....


Dungeon Overview and Level Annotations

Branches:
Dungeon (4/15)             Temple (1/1) D:4

Altars:
Ashenzari
Cheibriados
Dithmenos
Elyvilon
Fedhas
Gozag
Okawaru
Qazlal
Ru
Sif Muna
Trog
Uskayaw
Vehumet
Xom
Yredelemnul
Zin
The Shining One


Message History

The leopard gecko bites you.
You see here a leopard gecko corpse.
The leopard gecko bites you.
Casting: Searing Ray
Confirm with . or Enter, or press ? or * to list all spells.
Aiming: Searing Ray
Press: ? - help, Shift-Dir - straight line, f - leopard gecko
Aim: a leopard gecko (clinging)
The searing ray misses the leopard gecko.
The searing ray misses the iguana. (Press . to maintain the ray.)
The leopard gecko bites you but does no damage.
The searing ray hits the leopard gecko.
You kill the leopard gecko!
Vehumet accepts your kill.
Your Translocations skill increases to level 1!
The searing ray hits the iguana.
The iguana is moderately wounded.
The iguana bites you!
You die...

#.# #.##.#.#
#.# #.##.#.#
######.#
#....#.#
#......#
######.#
#.####.#
######.# #.#
######......#
#.#
P..P########
#.# #..P...
#@# ...P. #l#
P.P. #.###.P#
#.##..#
#.##l# #†#††#
#.#.## #...#
#####


You could see an iguana.

Vanquished Creatures
  2 ogres (D:4)
  A scorpion (D:4)
  3 wights (D:4)
  A hound (D:4)
  A centaur skeleton (D:4)
  2 orc wizards (D:4)
  A worker ant (D:4)
  2 adders (D:2)
  2 worms
  5 leopard geckos
  3 orcs (D:4)
  5 goblins
  7 hobgoblins
  6 jackals
  4 kobolds
  8 bats
  10 frilled lizards
  A quokka skeleton (D:4)
  3 rats
67 creatures vanquished.

Notes
Turn   | Place    | Note
-------+----------+-------------------------------------------
     0 | D:1      | Kingsmith the Deep Elf Conjurer began the quest for the Orb.
     0 | D:1      | Reached XP level 1. HP: 10/10 MP: 6/6
   129 | D:1      | Reached skill level 4 in Spellcasting
   129 | D:1      | Reached XP level 2. HP: 14/15 MP: 0/9
   140 | D:1      | Learned a level 2 spell: Searing Ray
   681 | D:2      | Reached skill level 5 in Spellcasting
   681 | D:2      | Reached XP level 3. HP: 19/19 MP: 4/11
   688 | D:2      | Learned a level 3 spell: Dazzling Spray
  1016 | D:2      | Found a faded altar of an unknown god.
  1127 | D:2      | Found a deep blue altar of Sif Muna.
  1951 | D:4      | Reached skill level 6 in Spellcasting
  1951 | D:4      | Reached XP level 4. HP: 24/24 MP: 3/14
  1954 | D:4      | Reached skill level 7 in Spellcasting
  1954 | D:4      | Reached XP level 5. HP: 28/28 MP: 1/16
  2000 | D:4      | Reached skill level 8 in Spellcasting
  2369 | D:4      | Noticed an ogre
  2414 | D:4      | Found a staircase to the Ecumenical Temple.
  2418 | Temple   | Entered the Ecumenical Temple
  2426 | Temple   | Became a worshipper of Vehumet
  2560 | D:4      | Killed an ogre
  2560 | D:4      | Reached skill level 9 in Spellcasting
  2560 | D:4      | Reached XP level 6. HP: 32/32 MP: 12/20
  2753 | D:4      | Reached skill level 10 in Spellcasting
  2789 | D:4      | Reached XP level 7. HP: 16/36 MP: 15/22
  3024 | D:4      | Learned a level 4 spell: Iskenderun's Mystic Blast
  3029 | D:4      | Learned a level 4 spell: Force Lance
  3268 | D:4      | Reached skill level 1 in Hexes
  3298 | D:4      | Reached skill level 1 in Translocations
  3299 | D:4      | Slain by an iguana

Skill      XL: |  1  2  3  4  5  6  7 |
---------------+----------------------+-----
Spellcasting   | 4 5 6 7 9 10 | 10.1
Hexes          | 1 |  1.0
Translocations | 1 |  1.0
Dodging        | |  2.4
Stealth        | |  2.4
Conjurations   | |  4.3

Action                   |  1- 3 |  4- 6 |  7- 9 || total
-------------------------+-------+-------+-------++-------
Melee: Whip              |    16 |     1 |       ||    17
       Spear             |       |    17 |     8 ||    25
 Cast: Magic Dart        |    73 |    11 |     2 ||    86
       Searing Ray       |     3 |     8 |     3 ||    14
  Use: Scroll            |     1 |       |       ||     1
       Potion            |       |     3 |       ||     3
 Stab: Sleeping          |     1 |       |       ||     1
  Eat: Chunk             |     2 |     4 |       ||     6
Armor: Robe              |     2 |     1 |     2 ||     5
Dodge: Dodged            |    22 |    17 |     9 ||    48
       Deflected         |       |     1 |       ||     1
